[Event "ICC tourney 2905 (40 10)"]
[Site "Internet Chess Club"]
[Date "2022.05.07"]
[Round "4"]
[White "SCHROMBECK, JON A:Gm374"]
[Black "NARAYANAN, KRISHNA:mkrish13"]
[Result "0-1"]
[ICCResult "White resigns"]
[WhiteElo "1530"]
[BlackElo "1319"]
[Opening "Queen's pawn, Mason variation"]
[ECO "D00"]
[NIC "QP.08"]
[Time "17:45:57"]
[PlyCount "44"]
[TimeControl "2400+10"]

1. d4 d5 2. Bf4 Bf5 3. e3 e6 4. Nd2 Nf6 5. c4 Bb4 6. a3 Bxd2+ 7. Qxd2 Ne4 8.
Qd1 c6 9. Ne2 dxc4 10. Nc3 Nxc3 11. bxc3 Qa5 12. Qd2 b5 13. f3 h6 14. Bd6
Nd7 15. e4 Bg6 16. Be2 Rd8 17. Bd1 c5 18. dxc5 Nxc5 19. e5 Nd3+ 20. Kf1 Nxe5
21. a4 Qb6 22. Bxe5 Rxd2 {White resigns} 0-1

[Event "ICC tourney 2905 (40 10)"]
[Site "Internet Chess Club"]
[Date "2022.05.07"]
[Round "4"]
[White "Rowe, Christopher:destroyallpugs"]
[Black "RAMKUMAR, NIKHIL:nikhilramkumar"]
[Result "0-1"]
[ICCResult "White checkmated"]
[WhiteElo "1412"]
[BlackElo "1185"]
[Opening "QGD Slav: 4.Nc3"]
[ECO "D15"]
[NIC "SL.03"]
[Time "17:45:22"]
[PlyCount "28"]
[TimeControl "2400+10"]

1. d4 Nf6 2. c4 c6 3. Nc3 d5 4. Nf3 Bf5 5. cxd5 cxd5 6. Qb3 Qc8 7. Bf4 Nc6
8. Nb5 e5 9. Bxe5 Nxe5 10. Nxe5 a6 11. Nc3 Be7 12. Nxd5 Nxd5 13. Qxd5 Bb4+
14. Kd1 Qc2# {White checkmated} 0-1

[Event "ICC tourney 2905 (40 10)"]
[Site "Internet Chess Club"]
[Date "2022.05.07"]
[Round "4"]
[White "BRUDNO, STEPHEN:StevChess01"]
[Black "RAMESH, RAHUL:rockinroll"]
[Result "1/2-1/2"]
[ICCResult "Game drawn by repetition"]
[WhiteElo "1468"]
[BlackElo "1713"]
[Opening "QGA: 3.e4"]
[ECO "D20"]
[NIC "QG.04"]
[Time "17:45:28"]
[PlyCount "74"]
[TimeControl "2400+10"]

1. d4 d5 2. c4 dxc4 3. e4 Nf6 4. Nc3 e5 5. Nf3 exd4 6. Qxd4 Qxd4 7. Nxd4 Bc5
8. Be3 O-O 9. f3 b6 10. Bxc4 Bb7 11. O-O Nc6 12. Nc2 Bxe3+ 13. Nxe3 Rad8 14.
Rfd1 Ne5 15. Be2 Rd7 16. Rxd7 Nexd7 17. Rd1 Nc5 18. Ned5 Nxd5 19. Nxd5 Ne6
20. Bc4 Re8 21. a3 Kf8 22. Ba2 Rd8 23. Kf2 Bxd5 24. Bxd5 Ke7 25. Bb3 Rxd1
26. Bxd1 Nd4 27. Ke3 c5 28. f4 g6 29. e5 Ke6 30. Ke4 h5 31. g3 b5 32. b4 Kd7
33. bxc5 Ne6 34. Kd5 Nc7+ 35. Ke4 Ne6 36. Kd5 Nc7+ 37. Ke4 Ne6
{Game drawn by repetition}
1/2-1/2

[Event "ICC tourney 2905 (40 10)"]
[Site "Internet Chess Club"]
[Date "2022.05.07"]
[Round "4"]
[White "AKULA, MAHIT:Judtyr123"]
[Black "TANG, VINCENT:VincentT2008"]
[Result "1-0"]
[ICCResult "Black resigns"]
[WhiteElo "1697"]
[BlackElo "1690"]
[Opening "Vienna game"]
[ECO "C28"]
[NIC "VG.04"]
[Time "17:45:52"]
[PlyCount "119"]
[TimeControl "2400+10"]

1. e4 e5 2. Nc3 Nc6 3. Bc4 Nf6 4. d3 Na5 5. Bb3 Nxb3 6. axb3 Bc5 7. Nge2 O-O
8. O-O d6 9. Bg5 h6 10. Bh4 c6 11. Kh1 Bg4 12. f3 Bh5 13. g4 Bg6 14. f4 exf4
15. Nxf4 Bd4 16. g5 hxg5 17. Bxg5 d5 18. exd5 cxd5 19. Nfxd5 Qd6 20. Nxf6+
gxf6 21. Bh4 Rfe8 22. Qf3 Re3 23. Qxb7 Rd8 24. Qg2 Kg7 25. Ne4 Qe6 26. Bxf6+
Bxf6 27. Rxf6 Qe5 28. Raf1 Rd7 29. Ng5 Re2 30. R6f2 Rxf2 31. Rxf2 Qxb2 32.
Qg3 Qc1+ 33. Kg2 Re7 34. Ne4 Qd1 35. h4 Kh8 36. Nf6 Rb7 37. h5 Bh7 38. Nxh7
Kxh7 39. Qg5 Qa1 40. Qf5+ Kg7 41. Qg4+ Kh7 42. Qe4+ Kh6 43. Qxb7 Qg7+ 44.
Kh1 Qa1+ 45. Kh2 Qe5+ 46. Kg2 Qg5+ 47. Kf3 Qxh5+ 48. Ke3 Qc5+ 49. d4 Qc3+
50. Ke4 Qe1+ 51. Kf3 Qh1+ 52. Rg2 Qd1+ 53. Ke3 Qe1+ 54. Kd3 Qd1+ 55. Kc3
Qa1+ 56. Kc4 Qf1+ 57. Kc5 Qf5+ 58. Qd5 Qc8+ 59. Qc6+ Qe6 60. Qxe6+
{Black resigns}
1-0

[Event "ICC tourney 2905 (40 10)"]
[Site "Internet Chess Club"]
[Date "2022.05.07"]
[Round "4"]
[White "SKARIAH, ANUSHKA ELIZABETH:kskariah"]
[Black "Oregel, Rowen:RowenOregel"]
[Result "1-0"]
[ICCResult "Black resigns"]
[WhiteElo "1528"]
[BlackElo "1112"]
[Opening "Sicilian: Taimanov (Bastrikov) variation"]
[ECO "B47"]
[NIC "SI.40"]
[Time "17:45:27"]
[PlyCount "67"]
[TimeControl "2400+10"]

1. e4 c5 2. Nf3 e6 3. d4 cxd4 4. Nxd4 Nc6 5. Nc3 Qc7 6. f3 a6 7. Be3 Nf6 8.
Be2 Be7 9. Qd2 b5 10. a4 b4 11. Na2 a5 12. Nb5 Qb8 13. Bf4 e5 14. Be3 O-O
15. O-O Rd8 16. c4 bxc3 17. Naxc3 Bb4 18. Bc4 Bb7 19. Bg5 Qc8 20. Bxf6 gxf6
21. Qh6 Ne7 22. Bb3 Ng6 23. Bxf7+ Kxf7 24. Qxh7+ Ke6 25. Qxg6 Rh8 26. Qf5+
Ke7 27. Rad1 Qc5+ 28. Rf2 Bc6 29. Nd5+ Bxd5 30. exd5 Rxh2 31. Kxh2 Qxf2 32.
d6+ Bxd6 33. Qh7+ Kf8 34. Nxd6 {Black resigns} 1-0

[Event "ICC tourney 2905 (40 10)"]
[Site "Internet Chess Club"]
[Date "2022.05.07"]
[Round "4"]
[White "WANG, JACOB S:JACOBCHESS857"]
[Black "QIAO, RICHARDSON JINGSI:Richardsonqiao"]
[Result "0-1"]
[ICCResult "White resigns"]
[WhiteElo "1479"]
[BlackElo "1215"]
[Opening "Ruy Lopez: closed"]
[ECO "C90"]
[NIC "RL.19"]
[Time "17:45:25"]
[PlyCount "64"]
[TimeControl "2400+10"]

1. e4 e5 2. Nf3 Nc6 3. Bb5 a6 4. Ba4 Nf6 5. O-O b5 6. Bb3 Be7 7. Re1 d6 8.
h3 Na5 9. d4 exd4 10. Nxd4 c5 11. Nf5 Bxf5 12. exf5 c4 13. Qf3 cxb3 14. axb3
d5 15. Qc3 Nb7 16. Qe5 Qd6 17. Qe2 O-O 18. Qxe7 Rfe8 19. Qxd6 Rxe1+ 20. Kh2
Nxd6 21. Bd2 Re2 22. Bf4 Nxf5 23. Nc3 Rxc2 24. Nxb5 Rxf2 25. Bg3 Nxg3 26.
Kxg3 Ne4+ 27. Kh2 Rxb2 28. Nc7 Ra7 29. Nb5 Rb7 30. Rxa6 h6 31. Ra8+ Kh7 32.
Nd4 Rb4 {White resigns} 0-1

[Event "ICC tourney 2905 (40 10)"]
[Site "Internet Chess Club"]
[Date "2022.05.07"]
[Round "4"]
[White "INDUKURI, SUHAS VARMA:Suhas12"]
[Black "CHANG, LEO:cwL"]
[Result "0-1"]
[ICCResult "White checkmated"]
[WhiteElo "1490"]
[BlackElo "1740"]
[Opening "Sicilian defense"]
[ECO "B33"]
[NIC "SI.34"]
[Time "17:45:28"]
[PlyCount "144"]
[TimeControl "2400+10"]

1. e4 c5 2. Nf3 Nc6 3. d4 cxd4 4. Nxd4 Nf6 5. Nc3 e6 6. f3 Bb4 7. Be3 d5 8.
exd5 Nxd5 9. Nxc6 bxc6 10. Bd2 Qb6 11. Bd3 Ba6 12. Bxa6 Qxa6 13. Nxd5 Bxd2+
14. Qxd2 cxd5 15. Qe2 Qb6 16. c3 O-O 17. Qf2 Qb7 18. O-O Rab8 19. b3 Rfc8
20. Rac1 a5 21. Qb2 a4 22. Rb1 Qa7+ 23. Kh1 Qa5 24. Rfc1 Rb7 25. Qa3 Ra7 26.
Qb2 a3 27. Qd2 Rac7 28. b4 Qa4 29. Rb3 Rc4 30. Rd1 Rxc3 31. Rxc3 Rxc3 32.
Rb1 Qc2 33. Qxc2 Rxc2 34. b5 Rb2 35. Rd1 Rxb5 36. h3 f6 37. Rd3 Ra5 38. Rb3
Kf7 39. Rb7+ Kg6 40. Rb3 d4 41. Kg1 Kf5 42. Kf2 Ra7 43. Rd3 Ke5 44. g3 Kd5
45. Ke2 Kc4 46. Kd2 Ra4 47. Rb3 Ra7 48. h4 e5 49. g4 g6 50. h5 f5 51. gxf5
gxf5 52. h6 e4 53. fxe4 fxe4 54. Rg3 e3+ 55. Kc2 d3+ 56. Kd1 Ra6 57. Rxe3
Rxh6 58. Re1 Kc3 59. Rg1 Rb6 60. Ke1 Rb1+ 61. Kf2 Rxg1 62. Kxg1 d2 63. Kf2
d1=Q 64. Ke3 Qd4+ 65. Ke2 Qd3+ 66. Ke1 Qg3+ 67. Ke2 h5 68. Kf1 h4 69. Ke2 h3
70. Kf1 Qg2+ 71. Ke1 h2 72. Kd1 h1=R# {White checkmated} 0-1

[Event "ICC tourney 2905 (40 10)"]
[Site "Internet Chess Club"]
[Date "2022.05.07"]
[Round "4"]
[White "ANGELCHIK, JACOB:t105mm"]
[Black "WU, WINSTON:K01-30022609"]
[Result "1/2-1/2"]
[ICCResult "Game drawn by mutual agreement"]
[WhiteElo "1274"]
[BlackElo "1405"]
[Opening "Queen's pawn game, Krause variation"]
[ECO "D02"]
[NIC "QP.08"]
[Time "17:45:30"]
[PlyCount "110"]
[TimeControl "2400+10"]

1. d4 d5 2. Nf3 c5 3. Bf4 Nc6 4. e3 Bg4 5. Be2 e6 6. O-O Qb6 7. b3 Nf6 8.
Nc3 Bxf3 9. Bxf3 cxd4 10. Na4 Qd8 11. exd4 b5 12. Nc3 Qb6 13. Be5 Be7 14.
Be2 a6 15. Re1 Nxe5 16. dxe5 Nd7 17. Bf3 Bc5 18. Re2 Bd4 19. Qd3 Nxe5 20.
Nxd5 exd5 21. c3 Bxf2+ 22. Kh1 O-O 23. Rxe5 Qh6 24. Rh5 Qg6 25. Qxg6 hxg6
26. Rxd5 Rad8 27. Rad1 Rxd5 28. Bxd5 Re8 29. Bb7 a5 30. g3 Re2 31. Ra1 Rc2
32. Ba6 Rxc3 33. Bxb5 Bd4 34. Rf1 Bf6 35. Bc4 Rc2 36. a4 Rc3 37. Re1 Rf3 38.
Re8+ Kh7 39. Bxf7 g5 40. Kg2 Rc3 41. Kh3 g6 42. Kg4 Kh6 43. Re6 Kg7 44. Be8
Rxb3 45. Ra6 Rb4+ 46. Kf3 g4+ 47. Ke3 Bg5+ 48. Kd3 Rb3+ 49. Kc4 Rb4+ 50. Kd5
Bd8 51. Rxg6+ Kf8 52. Bd7 Ke7 53. Bxg4 Rxa4 54. Re6+ Kf7 55. Bh5+ Kg7
{Game drawn by mutual agreement}
1/2-1/2

[Event "ICC tourney 2905 (40 10)"]
[Site "Internet Chess Club"]
[Date "2022.05.07"]
[Round "4"]
[White "GEVORGYAN, DAVIT:Davo29"]
[Black "Doan Giang, Nguyen Doan:Doctorstrange04"]
[Result "1-0"]
[ICCResult "Black checkmated"]
[WhiteElo "1676"]
[BlackElo "1710"]
[Opening "Sicilian: Nimzovich-Rossolimo attack (with ...g6, without ...d6)"]
[ECO "B31"]
[NIC "SI.31"]
[Time "17:45:30"]
[PlyCount "79"]
[TimeControl "2400+10"]

1. e4 c5 2. Nf3 Nc6 3. Bb5 g6 4. O-O Bg7 5. Re1 Nf6 6. c3 O-O 7. d4 d5 8.
exd5 Qxd5 9. dxc5 Qxc5 10. Bxc6 Qxc6 11. Nd4 Qc7 12. Bg5 h6 13. Bh4 Rd8 14.
Qe2 e6 15. Nd2 a6 16. Ne4 g5 17. Nxf6+ Bxf6 18. Bg3 Qc5 19. Be5 Be7 20. Qh5
Bf8 21. Bf6 Rd5 22. Nxe6 Bxe6 23. Rxe6 Rd2 24. Bd4 Qf5 25. Rf6 Qh7 26. h4
gxh4 27. Re1 Rd8 28. Re4 R2xd4 29. Rxd4 Rxd4 30. cxd4 Be7 31. Qg4+ Kf8 32.
Rf5 Bd6 33. Qe4 Qg6 34. Kf1 b5 35. Ke2 Kg7 36. Kd3 Bh2 37. Rc5 Qf6 38. Qg4+
Kh8 39. Rc8+ Kh7 40. Qg8# {Black checkmated} 1-0

[Event "ICC tourney 2905 (40 10)"]
[Site "Internet Chess Club"]
[Date "2022.05.07"]
[Round "4"]
[White "DAS, ADITEYA:AdiD"]
[Black "Le, Benny:Benranger2011"]
[Result "1-0"]
[ICCResult "Black checkmated"]
[WhiteElo "1492"]
[BlackElo "1225"]
[Opening "Caro-Kann: classical, 6.h4"]
[ECO "B19"]
[NIC "CK.11"]
[Time "17:45:29"]
[PlyCount "97"]
[TimeControl "2400+10"]

1. e4 c6 2. d4 d5 3. Nc3 dxe4 4. Nxe4 Bf5 5. Ng3 Bg6 6. h4 h6 7. Nf3 e6 8.
h5 Bh7 9. Bd3 Bxd3 10. Qxd3 Nf6 11. Bd2 Be7 12. O-O-O Nbd7 13. c4 Nb6 14.
Ba5 c5 15. Ne4 Nxe4 16. Qxe4 Qc7 17. d5 exd5 18. Rxd5 Qc6 19. Bxb6 axb6 20.
Re1 Qf6 21. Re5 O-O 22. Rxe7 Rxa2 23. Qe5 Qc6 24. Re8 Ra1+ 25. Kd2 Qd7+ 26.
Kc2 Qa4+ 27. Kd2 Rd1+ 28. Rxd1 Rxe8 29. Qd5 Qb4+ 30. Kc1 Ra8 31. Kb1 Qb3 32.
Ne5 Qa2+ 33. Kc2 Qa4+ 34. Kd2 Qb4+ 35. Ke2 Qxb2+ 36. Rd2 Qc3 37. Qxf7+ Kh8
38. f4 Qg3 39. Qxb7 Re8 40. Qe4 Qg4+ 41. Nxg4 Rxe4+ 42. Kf3 Rxc4 43. Ne5
Rc3+ 44. Kg4 g6 45. hxg6 Kg7 46. Rd6 b5 47. f5 b4 48. f6+ Kf8 49. Rd8#
{Black checkmated}
1-0

[Event "ICC tourney 2905 (40 10)"]
[Site "Internet Chess Club"]
[Date "2022.05.07"]
[Round "4"]
[White "MOSS, MARVIN:mmoss2932"]
[Black "Feng, Jay:TheDeadlyPawn"]
[Result "0-1"]
[ICCResult "White resigns"]
[WhiteElo "1458"]
[BlackElo "1530"]
[Opening "QGD: Ragozin variation"]
[ECO "D38"]
[NIC "NI.27"]
[Time "17:45:50"]
[PlyCount "144"]
[TimeControl "2400+10"]

1. d4 Nf6 2. Nf3 d5 3. c4 e6 4. Nc3 Bb4 5. cxd5 exd5 6. Bg5 c6 7. Bxf6 Qxf6
8. e3 O-O 9. Be2 Bf5 10. O-O Nd7 11. Rc1 Rac8 12. a3 Bd6 13. Re1 Rfe8 14. g3
g5 15. Nd2 Kg7 16. Bg4 Kg6 17. Bxf5+ Qxf5 18. Qf3 Qxf3 19. Nxf3 f5 20. h3
Nf6 21. Kg2 h6 22. Rc2 Re6 23. Ree2 Rf8 24. Ne1 g4 25. h4 Ne4 26. Nd3 h5 27.
Na4 Rfe8 28. Nac5 Nxc5 29. Nxc5 Bxc5 30. Rxc5 Kf6 31. Rec2 Ke7 32. b4 Kd7
33. b5 a6 34. bxa6 bxa6 35. Rb2 Kc7 36. Ra5 Ra8 37. Rc2 Rd6 38. Rb2 Rdd8 39.
Rc2 Rd6 40. Kf1 Kb6 41. Rac5 Rc8 42. Rb2+ Ka7 43. Ra5 Rd7 44. Rc2 Rb7 45.
Rac5 Rbc7 46. a4 Kb6 47. a5+ Ka7 48. Ke2 Kb7 49. Rb2+ Ka7 50. Rb6 Rb7 51.
Rbxc6 Rxc6 52. Rxc6 Rb5 53. Rc5 Rb2+ 54. Kf1 Rb5 55. Kg2 Rxc5 56. dxc5 Kb7
57. Kf1 Kc6 58. Ke2 Kxc5 59. Kd3 Kb4 60. Kd4 Kxa5 61. Kc5 Ka4 62. Kxd5 Kb3
63. e4 fxe4 64. Kxe4 a5 65. f4 gxf3 66. Kxf3 a4 67. g4 hxg4+ 68. Kxg4 a3 69.
h5 a2 70. h6 a1=Q 71. Kh5 Qf6 72. h7 Qg7 {White resigns} 0-1

[Event "ICC tourney 2905 (40 10)"]
[Site "Internet Chess Club"]
[Date "2022.05.07"]
[Round "4"]
[White "CAI, ALAN ZHUOCHENG:flying-ninja"]
[Black "HANKE, HARVEY:ThinkingPanda"]
[Result "0-1"]
[ICCResult "White resigns"]
[WhiteElo "1416"]
[BlackElo "1618"]
[Opening "Ruy Lopez: Schliemann defense"]
[ECO "C63"]
[NIC "RL.06"]
[Time "17:45:21"]
[PlyCount "76"]
[TimeControl "2400+10"]

1. e4 e5 2. Nf3 Nc6 3. Bb5 f5 4. d3 fxe4 5. dxe4 Nf6 6. O-O Bc5 7. Nbd2 d6
8. c3 O-O 9. Qe2 Qe7 10. Nb3 Bb6 11. Bxc6 bxc6 12. Qc4+ Kh8 13. Qxc6 Rb8 14.
Qc4 Bb7 15. Re1 Nxe4 16. Be3 Bxe3 17. Rxe3 Qf6 18. Qe2 Ng5 19. Nxg5 Qxg5 20.
Rg3 Qf6 21. Qe3 a6 22. Rf1 Bd5 23. Qa7 Qf7 24. Rg4 Bc4 25. Re1 Rb6 26. f3 h5
27. Rh4 Bd5 28. c4 Bc6 29. Rxh5+ Qxh5 30. Qxc7 Rfb8 31. c5 dxc5 32. Rxe5 Qg6
33. Kf2 c4 34. g4 cxb3 35. a3 Ba8 36. Rh5+ Kg8 37. Qc4+ Re6 38. f4 Qc2+
{White resigns}
0-1

[Event "ICC tourney 2905 (40 10)"]
[Site "Internet Chess Club"]
[Date "2022.05.07"]
[Round "5"]
[White "Oregel, Rowen:RowenOregel"]
[Black "ANGELCHIK, JACOB:t105mm"]
[Result "1-0"]
[ICCResult "Black checkmated"]
[WhiteElo "1112"]
[BlackElo "1274"]
[Opening "Sicilian: Smith-Morra gambit"]
[ECO "B21"]
[NIC "SI.47"]
[Time "20:00:12"]
[PlyCount "37"]
[TimeControl "2400+10"]

1. e4 c5 2. d4 cxd4 3. c3 Nf6 4. e5 Nd5 5. Nf3 Nc6 6. cxd4 e6 7. Nc3 Nxc3 8.
bxc3 Be7 9. Bd3 O-O 10. h4 h6 11. Bc2 f6 12. exf6 Rxf6 13. Qd3 g6 14. h5 Qf8
15. hxg6 d5 16. Bxh6 Qe8 17. g7 e5 18. Qh7+ Kf7 19. g8=Q# {Black checkmated}
1-0

[Event "ICC tourney 2905 (40 10)"]
[Site "Internet Chess Club"]
[Date "2022.05.07"]
[Round "5"]
[White "RAMESH, RAHUL:rockinroll"]
[Black "DAS, ADITEYA:AdiD"]
[Result "1/2-1/2"]
[ICCResult "Game drawn by mutual agreement"]
[WhiteElo "1713"]
[BlackElo "1492"]
[Opening "Queen's pawn, Mason variation"]
[ECO "D00"]
[NIC "QP.08"]
[Time "20:00:53"]
[PlyCount "157"]
[TimeControl "2400+10"]

1. d4 d5 2. Bf4 Nf6 3. e3 Bf5 4. Nd2 e6 5. Ngf3 Nbd7 6. Bd3 Bxd3 7. cxd3 c5
8. dxc5 Nxc5 9. d4 Nd3+ 10. Kf1 Nxf4 11. exf4 Bd6 12. g3 O-O 13. Kg2 Ne4 14.
Nxe4 dxe4 15. Ng5 Be7 16. Nxe4 Qd5 17. Qf3 Qxd4 18. Nc3 Qb6 19. Rhe1 Bb4 20.
a3 Bxc3 21. Qxc3 Rac8 22. Qe3 Qxe3 23. Rxe3 Rfd8 24. Rb3 b6 25. Re1 Rc2 26.
Ree3 Rdd2 27. Rf3 g6 28. Rbc3 Rxc3 29. bxc3 Ra2 30. c4 Rc2 31. Rd3 Rxc4 32.
Rd7 Ra4 33. Rd3 Kf8 34. Rc3 b5 35. Rb3 a6 36. Rd3 Ke7 37. h4 h5 38. Kf3 a5
39. Rc3 b4 40. axb4 Rxb4 41. Rc8 Rb1 42. Rc7+ Kf6 43. Ra7 Ra1 44. Kg2 a4 45.
Kf3 a3 46. Kg2 a2 47. Kf3 e5 48. Ra6+ Kf5 49. Ra5 f6 50. fxe5 fxe5 51. Ra6
g5 52. hxg5 Kxg5 53. Ra5 Kf5 54. Ra6 e4+ 55. Kg2 h4 56. gxh4 Kg4 57. Ra4 Kh5
58. Ra5+ Kxh4 59. Ra4 Kg5 60. Kh2 Kf5 61. Kg2 Kf4 62. Ra3 Ke5 63. Ra4 Kd5
64. Ra8 Kd4 65. Rd8+ Kc3 66. Rc8+ Kd3 67. Rd8+ Ke2 68. Ra8 e3 69. fxe3 Kxe3
70. Re8+ Kd4 71. Rd8+ Kc5 72. Rc8+ Kb5 73. Ra8 Kb6 74. Kh2 Kb7 75. Ra3 Kc6
76. Kg2 Kd5 77. Ra8 Kc4 78. Rc8+ Kb3 79. Rb8+ {Game drawn by mutual
agreement} 1/2-1/2

[Event "ICC tourney 2905 (40 10)"]
[Site "Internet Chess Club"]
[Date "2022.05.07"]
[Round "5"]
[White "WU, WINSTON:K01-30022609"]
[Black "SCHROMBECK, JON A:Gm374"]
[Result "1-0"]
[ICCResult "Black resigns"]
[WhiteElo "1405"]
[BlackElo "1530"]
[Opening "Petrov's defense"]
[ECO "C42"]
[NIC "RG.03"]
[Time "20:00:18"]
[PlyCount "53"]
[TimeControl "2400+10"]

1. e4 e5 2. Nf3 Nf6 3. Nxe5 d6 4. Nf3 Nxe4 5. Bc4 c6 6. d3 Nf6 7. O-O Be7 8.
Re1 O-O 9. Nc3 d5 10. Bb3 Bc5 11. h3 Re8 12. Bg5 Rxe1+ 13. Qxe1 Nbd7 14. d4
Bb4 15. a3 Bxc3 16. Qxc3 Qc7 17. Bxf6 Nxf6 18. Ne5 Bd7 19. Re1 Re8 20. Qd3
g6 21. Qf3 Re6 22. c4 Qb6 23. cxd5 Rd6 24. dxc6 Be6 25. Bxe6 Rxe6 26. d5 Rd6
27. Nc4 {Black resigns} 1-0

[Event "ICC tourney 2905 (40 10)"]
[Site "Internet Chess Club"]
[Date "2022.05.07"]
[Round "5"]
[White "TANG, VINCENT:VincentT2008"]
[Black "HANKE, HARVEY:ThinkingPanda"]
[Result "1-0"]
[ICCResult "Black checkmated"]
[WhiteElo "1690"]
[BlackElo "1618"]
[Opening "King's Indian: Sämisch, orthodox, 7.d5 c6"]
[ECO "E88"]
[NIC "KI.41"]
[Time "20:00:11"]
[PlyCount "73"]
[TimeControl "2400+10"]

1. d4 Nf6 2. c4 g6 3. Nc3 Bg7 4. e4 d6 5. f3 O-O 6. Be3 e5 7. d5 c6 8. Qd2
a5 9. Nge2 cxd5 10. cxd5 Nbd7 11. g4 Nb6 12. Ng3 Ne8 13. Rg1 Kh8 14. h4 Rg8
15. h5 Nf6 16. O-O-O Bd7 17. Bd3 Na4 18. Nxa4 Bxa4 19. Rdf1 Qd7 20. Rh1
Rgc8+ 21. Kb1 Kg8 22. Bh6 Bb5 23. Bxb5 Qxb5 24. Bxg7 Kxg7 25. hxg6 fxg6 26.
Qh6+ Kg8 27. g5 Nh5 28. Nxh5 gxh5 29. Qxh5 Rc7 30. g6 Rac8 31. gxh7+ Kh8 32.
Qh6 Rf7 33. Rfg1 Qd3+ 34. Ka1 Qxf3 35. Rg8+ Rxg8 36. hxg8=R+ Kxg8 37. Qh8#
{Black checkmated}
1-0

[Event "ICC tourney 2905 (40 10)"]
[Site "Internet Chess Club"]
[Date "2022.05.07"]
[Round "5"]
[White "NARAYANAN, KRISHNA:mkrish13"]
[Black "WENG, JOHNSON:K01-30136161"]
[Result "0-1"]
[ICCResult "White checkmated"]
[WhiteElo "1319"]
[BlackElo "1117"]
[Opening "Owen defense"]
[ECO "B00"]
[NIC "VO.03"]
[Time "20:00:15"]
[PlyCount "128"]
[TimeControl "2400+10"]

1. e4 b6 2. d4 Bb7 3. Bd3 e6 4. Nf3 Nf6 5. e5 Nd5 6. O-O h6 7. Be4 d6 8. c4
Ne3 9. Qd3 d5 10. Qxe3 dxe4 11. Nfd2 Nc6 12. Nb3 Be7 13. Nc3 Bg5 14. Qxe4
O-O 15. Qg4 Bxc1 16. Raxc1 Qd7 17. Rfd1 Rad8 18. a3 Ba6 19. Nb5 Bxb5 20.
cxb5 Qd5 21. bxc6 Qxb3 22. Qe2 Rd5 23. Qc2 Rb5 24. Qxb3 Rxb3 25. Rc2 Rd8 26.
a4 Rd5 27. Kf1 Rb4 28. Ra1 Rdxd4 29. Ke2 Rxa4 30. Rxa4 Rxa4 31. Kd3 Kh7 32.
Rc3 Kg6 33. Ra3 Rxa3+ 34. bxa3 Kf5 35. Kd4 g5 36. g3 g4 37. a4 a5 38. Ke3
Kxe5 39. f4+ gxf3 40. Kxf3 Kd4 41. Ke2 e5 42. h4 f5 43. h5 e4 44. Kd2 Kc4
45. Ke3 Kb4 46. g4 fxg4 47. Kxe4 Kxa4 48. Kf4 Kb4 49. Kxg4 a4 50. Kf5 a3 51.
Kg6 a2 52. Kxh6 a1=Q 53. Kg6 Qh8 54. h6 Kc5 55. h7 b5 56. Kf7 b4 57. Ke7
Kxc6 58. Kf7 b3 59. Kg6 b2 60. Kh6 b1=Q 61. Kg5 Qhxh7 62. Kf4 Qhf5+ 63. Kg3
Qbd3+ 64. Kh4 Qdh3# {White checkmated} 0-1

[Event "ICC tourney 2905 (40 10)"]
[Site "Internet Chess Club"]
[Date "2022.05.07"]
[Round "5"]
[White "QIAO, RICHARDSON JINGSI:Richardsonqiao"]
[Black "INDUKURI, SUHAS VARMA:Suhas12"]
[Result "0-1"]
[ICCResult "White checkmated"]
[WhiteElo "1215"]
[BlackElo "1490"]
[Opening "Sicilian: closed, 2...Nc6"]
[ECO "B23"]
[NIC "SI.44"]
[Time "20:00:13"]
[PlyCount "82"]
[TimeControl "2400+10"]

1. e4 c5 2. Nc3 Nc6 3. d3 e6 4. g3 d5 5. exd5 exd5 6. Bg2 Be6 7. Qe2 Be7 8.
Bf4 a6 9. a4 Nf6 10. Bg5 O-O 11. Nf3 Re8 12. O-O Bg4 13. h3 Nd4 14. Qd1
Nxf3+ 15. Bxf3 Bxh3 16. Re1 Be6 17. Bg2 h6 18. Bf4 Bd6 19. Qd2 Qc7 20. Bxd6
Qxd6 21. d4 c4 22. b3 Rac8 23. bxc4 Rxc4 24. Rab1 Rec8 25. Rb3 Qc7 26. Re3
Qa5 27. Qd3 g6 28. Ne2 Bf5 29. Qd1 Bxc2 30. Qf1 Bxb3 31. Rxb3 Qd2 32. Kh2
Rc2 33. Nf4 Ng4+ 34. Kh3 Nxf2+ 35. Kh4 g5+ 36. Kh5 Rc1 37. Qe2 Qxd4 38. Nxd5
R1c4 39. Ne7+ Kh8 40. Nxc8 Qh4+ 41. gxh4 Rxh4# {White checkmated} 0-1

[Event "ICC tourney 2905 (40 10)"]
[Site "Internet Chess Club"]
[Date "2022.05.07"]
[Round "5"]
[White "SHI, WARREN:warren200"]
[Black "Rowe, Christopher:destroyallpugs"]
[Result "0-1"]
[ICCResult "White checkmated"]
[WhiteElo "886"]
[BlackElo "1412"]
[Opening "Sicilian defense"]
[ECO "B20"]
[NIC "SI.48"]
[Time "20:00:13"]
[PlyCount "108"]
[TimeControl "2400+10"]

1. e4 c5 2. Bc4 e6 3. Nf3 Nf6 4. d3 d5 5. exd5 exd5 6. Bb3 Be7 7. O-O O-O 8.
Bf4 Bg4 9. h3 Bh5 10. Nbd2 Nc6 11. Re1 Bd6 12. Bxd6 Qxd6 13. Re2 Rae8 14.
Rxe8 Rxe8 15. c4 d4 16. Bc2 Ne5 17. Ne4 Nxe4 18. dxe4 Nxc4 19. Bb3 Ne5 20.
g4 Bg6 21. Nxe5 Qxe5 22. f3 Qg3+ 23. Kf1 Qxh3+ 24. Kf2 Qh2+ 25. Ke1 Qg1+ 26.
Kd2 Qe3+ 27. Kc2 Rd8 28. Bc4 h5 29. gxh5 Bxh5 30. Qd3 Bxf3 31. Qxe3 dxe3 32.
Rf1 Bxe4+ 33. Kc3 Bd5 34. Bxd5 Rxd5 35. Re1 Re5 36. Kd3 f5 37. Rxe3 Rxe3+
38. Kxe3 g5 39. Kf3 Kf7 40. Ke3 Ke6 41. b3 Kd5 42. Kd3 b5 43. a3 c4+ 44.
bxc4+ bxc4+ 45. Kc3 g4 46. Kd2 g3 47. Ke2 c3 48. Kd3 g2 49. Kxc3 g1=Q 50.
Kd2 Kd4 51. Ke2 Qe3+ 52. Kd1 Qf2 53. Kc1 Kc3 54. a4 Qc2# {White checkmated}
0-1

[Event "ICC tourney 2905 (40 10)"]
[Site "Internet Chess Club"]
[Date "2022.05.07"]
[Round "5"]
[White "ARORA, ANIKA:Hermione117"]
[Black "SHANMUGAM, MEERA:K05-16606945"]
[Result "1-0"]
[ICCResult "Black checkmated"]
[WhiteElo "1167"]
[BlackElo "1353"]
[Opening "Queen's gambit declined"]
[ECO "D30"]
[NIC "QP.08"]
[Time "20:00:16"]
[PlyCount "161"]
[TimeControl "2400+10"]

1. d4 d5 2. c4 e6 3. Nf3 Be7 4. Bf4 Nf6 5. e3 Nbd7 6. a3 O-O 7. cxd5 exd5 8.
Bd3 c5 9. O-O b6 10. Nc3 Bb7 11. Re1 Re8 12. Nb5 Nh5 13. Bd6 a6 14. Bxe7
Rxe7 15. Nd6 Qc7 16. Nxb7 Qxb7 17. Qc2 Nhf6 18. h3 c4 19. Bf5 Qc6 20. Nd2 b5
21. e4 dxe4 22. Nxe4 Qd5 23. Nxf6+ Nxf6 24. Rxe7 Qxd4 25. Rd1 Qc5 26. Re2
Rf8 27. b4 Qc7 28. Rde1 g6 29. Be4 Qd6 30. Qd1 Qc7 31. Qd4 Kg7 32. Re3 Qe7
33. Bc2 Qc7 34. Rf3 Qc6 35. Be4 Qe6 36. Bb7 Qxe1+ 37. Kh2 Qe6 38. g4 Qe7 39.
Bxa6 Rd8 40. Qc3 Qd6+ 41. Kg2 Qxa6 42. g5 Rd6 43. gxf6+ Rxf6 44. h4 Qc6 45.
Kg3 Qd6+ 46. Kg2 Qe6 47. Kf1 Qd6 48. Kg2 Qc6 49. Kg3 Qxf3+ 50. Qxf3 Rxf3+
51. Kxf3 Kf6 52. Ke4 Ke6 53. Kd4 Kd6 54. a4 f6 55. axb5 g5 56. h5 f5 57.
Kxc4 f4 58. Kd4 g4 59. Ke4 g3 60. fxg3 fxg3 61. Kf3 Kc7 62. Kxg3 Kb6 63. Kg4
Kxb5 64. Kg5 Kxb4 65. Kh6 Kc5 66. Kxh7 Kd6 67. Kg7 Ke6 68. h6 Ke7 69. h7 Kd7
70. h8=Q Ke7 71. Qh6 Kd7 72. Qf6 Kc7 73. Qe6 Kb7 74. Qd6 Ka8 75. Qb4 Ka7 76.
Qb5 Ka8 77. Kf6 Ka7 78. Ke7 Ka8 79. Kd6 Ka7 80. Kc7 Ka8 81. Qa6#
{Black checkmated}
1-0